 Dungeon Crawl Stone Soup version 0.26-a0-1053-gaff5f71418 (webtiles) character file.

Game seed: 3640546111082019813

30291 stormannn the Fighter (level 13, -3/107 HPs)
             Began as a Gnoll Wanderer on Dec 12, 2020.
             Was a High Priest of Vehumet.
             Slain by an orc warrior
             ... wielding a +0 halberd
             ... led by an orc high priest
              (12 damage)
             ... while paralysed by an orc sorcerer
             ... on level 1 of the Orcish Mines.
             The game lasted 00:51:20 (17899 turns).

stormannn the Fighter (Gnoll Wanderer)             Turns: 17899, Time: 00:51:21

Health: -3/107     AC: 12    Str: 21    XL:     13   Next: 50%
Magic:  34/34      EV:  2    Int: 31    God:    Vehumet [*****.]
Gold:   872        SH:  0    Dex: 24    Spells: 10/28 levels left

rFire    + . .     SeeInvis +   N - +8 hand crossbow "Utwikosch" {elec, rPois MP+9}
rCold    + + .     Faith    .   Y - +2 kite shield {rC+}
rNeg     . . .     Spirit   .   O - +2 ring mail {rF+}
rPois    +         Reflect  .   (helmet restricted)
rElec    .         Harm     .   s - +1 cloak
rCorr    .         Rampage  .   (no gloves)
Will     .....                  U - +0 pair of boots
Stlth    ++++......             T - amulet of regeneration
HPRegen  0.67/turn              B - ring "Bonku" {Str+6 Int+5}
MPRegen  0.24/turn              m - ring of the Queen {*Contam Int+5 Dex+9 SInv}

@: paralysed, about to teleport, studying Fighting, lightly drained
A: distributed training, fangs 1, horns 1, clever 1, cold resistance 1, strong
nose
a: Renounce Religion


You were on level 1 of the Orcish Mines.
You worshipped Vehumet.
Vehumet was extremely pleased with you.
You visited 3 branches of the dungeon, and saw 14 of its levels.
You also visited: Bailey.

You collected 1310 gold pieces.
You spent 438 gold pieces at shops.

Inventory:

Hand Weapons
 u - the cursed +3 executioner's axe of Buh Ema Neri {flame, +Rage rC+ rN+}
   (You found it in a bailey)

   It has been specially enchanted to burn those struck by it, causing extra
   injury to most foes and up to half again as much damage against particularly
   susceptible opponents.
   Big, fiery blades are also staple armaments of hydra-hunters.
   It protects you from cold.
   It protects you from negative energy.
   It lets you go berserk.
   It has a curse placed upon it.
 N - the +8 hand crossbow "Utwikosch" (weapon) {elec, rPois MP+9}
   (You found it on level 7 of the Dungeon)

   It charges the ammunition it shoots with electricity; occasionally upon a
   hit, such missiles may discharge and cause terrible harm.
   It protects you from poison.
   It affects your magic capacity (+9).
Missiles
 l - 358 arrows
 r - 35 bolts (quivered ammo)
 x - 19 javelins
 M - 2 throwing nets
Armour
 n - a +0 helmet
 s - a +1 cloak (worn)
 O - a +2 ring mail of fire resistance (worn)
 U - a +0 pair of boots (worn)
 Y - a +2 kite shield of cold resistance (worn)
Jewellery
 m - the ring of the Queen (right hand) {*Contam Int+5 Dex+9 SInv}
   (You bought it in a shop on level 12 of the Dungeon)

   [ring of see invisible]

   It affects your intelligence (+5).
   It affects your dexterity (+9).
   It lets you see invisible.
   It causes magical contamination when unequipped.
 B - the ring "Bonku" (left hand) {Str+6 Int+5}
   (You bought it in a shop on level 12 of the Dungeon)

   [ring of strength]

   It affects your strength (+6).
   It affects your intelligence (+5).
 L - an uncursed ring of fire
 T - an amulet of regeneration (around neck)
 V - an uncursed ring of resist corrosion
Wands
 a - a wand of acid (10)
 d - a wand of random effects (125)
 v - a wand of polymorph (5)
 y - a wand of iceblast (26)
 z - a wand of enslavement (9)
 P - a wand of disintegration (11)
 Q - a wand of digging (8)
 S - a wand of flame (40)
Scrolls
 b - 2 scrolls of fear
 e - 3 scrolls of enchant weapon {unknown}
 f - 3 scrolls of remove curse
 g - 5 scrolls of teleportation
 o - 3 scrolls of amnesia
 p - 4 scrolls of identify
 C - a scroll of immolation {unknown}
 G - 2 scrolls of enchant armour
 J - a scroll of magic mapping {unknown}
 R - a scroll of blinking {unknown}
 W - 2 scrolls of noise {unknown}
 X - a scroll of silence {unknown}
Potions
 c - 2 potions of lignification
 h - 6 potions of curing
 i - 4 potions of haste
 j - 3 potions of attraction
 k - 5 potions of magic
 t - a potion of might {unknown}
 w - 2 potions of invisibility
 A - 2 potions of flight
 D - a potion of berserk rage
 F - 3 potions of heal wounds
 H - 2 potions of cancellation
 I - 4 potions of ambrosia {unknown}
 K - a potion of brilliance {unknown}
Books
 Z - a manual of Fighting


   Skills:
 + Level 11.7(11.0) Fighting
 + Level 8.3(7.7) Short Blades
 + Level 8.3(7.7) Long Blades
 + Level 8.3(7.7) Axes
 + Level 8.3(7.7) Maces & Flails
 + Level 8.3(7.7) Polearms
 + Level 9.5(8.9) Staves
 + Level 8.3(7.7) Slings
 + Level 8.3(7.7) Bows
 + Level 8.3(7.7) Crossbows
 + Level 8.3(7.7) Throwing
 + Level 8.3(7.7) Armour
 + Level 9.5(8.9) Dodging
 + Level 8.7(8.1) Stealth
 + Level 8.8(8.2) Shields
 + Level 8.8(8.2) Unarmed Combat
 + Level 8.3(7.7) Spellcasting
 + Level 6.9(6.4) Conjurations
 + Level 6.9(6.4) Hexes
 + Level 6.9(6.4) Summonings
 + Level 6.9(6.4) Necromancy
 + Level 6.9(6.4) Translocations
 + Level 6.9(6.4) Transmutations
 + Level 6.9(6.4) Fire Magic
 + Level 6.9(6.4) Ice Magic
 + Level 6.9(6.4) Air Magic
 + Level 6.9(6.4) Earth Magic
 + Level 6.9(6.4) Poison Magic
 + Level 9.1(8.5) Invocations
 + Level 8.3(7.7) Evocations


You had 10 spell levels left.
You knew the following spells:

 Your Spells              Type           Power        Failure   Level
a - Swiftness             Air            ######..     1%          2
b - Static Discharge      Conj/Air       ######..     1%          3
c - Wereblood             Tmut           ######..     1%          2
d - Ignite Poison         Fire/Tmut/Pois ######..     1%          3
e - Frozen Ramparts       Ice            ######       1%          3
f - Fireball              Conj/Fire      ######....   9%          5

Your spell library contained the following spells:

 Spells                   Type           Power        Failure   Level
 Iron Shot                Conj/Erth      ######....   38%         6
 Beastly Appendage        Tmut           ######       1%          1
 Foxfire                  Conj/Fire      ####         1%          1
 Shock                    Conj/Air       ####         1%          1
 Conjure Flame            Conj/Fire      ######..     1%          3
 Inner Flame              Hex/Fire       ######..     1%          3
 Spider Form              Tmut/Pois      ######....   3%          3
 Airstrike                Air            ######....   3%          4
 Sticky Flame             Conj/Fire      ######..     3%          4
 Lightning Bolt           Conj/Air       ######....   9%          5
 Ice Form                 Ice/Tmut       ######..     11%         4
 Blade Hands              Tmut           ######....   30%         5


Dungeon Overview and Level Annotations

Branches:
Dungeon (12/15)            Temple (1/1) D:5            Lair (0/6) D:8
    Orc (1/2) D:11         Bailey (visited)

Altars:
Ashenzari
Cheibriados
Dithmenos
Elyvilon
Fedhas
Gozag
Hepliaklqana
Kikubaaqudgha
Makhleb
Nemelex Xobeh
Okawaru
Qazlal
Ru
Sif Muna
Trog
Uskayaw
Vehumet
Wu Jian
Xom
Yredelemnul
Zin
The Shining One
Beogh

Shops:
D:6 }   D:7 :   D:10 [   D:12 *

Annotations:
D:11 1 runed translucent door, DrDiscord's ghost, journeyman GnWr
D:12 2 transporters, 3 runed translucent doors, streetpizza's ghost, journeyman DECj


Innate Abilities, Weirdness & Mutations

Your experience applies equally to all skills.
You have very sharp teeth.
Your uncanny sense of smell can sniff out nearby items.
You have a pair of small horns on your head.
Your mind is acute. (Int +2)
Your flesh is cold resistant. (rC+)


Message History

The orc sorcerer barely misses you.
The ice devil hits you but does no damage.
The orc warrior hits you from afar with a +0 halberd!
The orc high priest calls upon Beogh to heal the orc sorcerer.
The orc sorcerer is healed somewhat.
As you read the scroll of teleportation, it crumbles to dust.
You feel strangely unstable.
The orc sorcerer gestures at you while chanting.
You suddenly lose the ability to move!
The orc priest invokes the aid of Beogh against you.
Beogh smites you!
* * * LOW HITPOINT WARNING * * *
The ice devil hits you but does no damage.
The sun demon hits you!
* * * LOW HITPOINT WARNING * * *
You are engulfed in flames!
You resist.
* * * LOW HITPOINT WARNING * * *
The neqoxec gestures.
The orc warrior hits you from afar with a +0 halberd!
You die...

..(( ...## #....###
###..( ....# ###....##.
#..o(####....#
#......###
#...).##(....#
##......## #..(.......#
###.....# ###.oo....#
#...... #.#o3o5##
###.... ###o4o3# #...#
###@## #####
##...###############
#...................
###.................
#..P.................
......................
≈≈≈≈≈≈§≈..............
≈§≈≈≈§≈.≈≈≈≈..§.......
###'''###≈§§≈§≈§.......


You could see an orc high priest, a sun demon (summoned), an ice devil
(summoned), a neqoxec (summoned), an orc sorcerer, 2 orc warriors, 2 orc
priests, a shadow imp (summoned) and an orc.

Vanquished Creatures
  A fire giant (Orc:1)
  2 entropy weavers (D:12)
  Harold (D:7)
  4 two-headed ogres
  A queen ant (D:12)
  2 unseen horrors
  A wolf spider zombie (D:12)
  A deep elf mage (D:12)
  An orc sorcerer (Orc:1)
  13 cyclopes (Orc:1)
  A manticore (D:12)
  A hornet (D:11)
  A queen bee (Orc:1)
  2 slime creatures
  Sigmund (D:3)
  A wraith (D:12)
  16 yaks
  A water elemental (D:12)
  2 steam dragons
  A basilisk (D:11)
  Menkaure (D:7)
  4 wargs (Orc:1)
  14 soldier ants
  2 water moccasins
  A hornet zombie (D:8)
  An ice beast (D:6)
  4 sky beasts
  3 phantoms
  18 orc warriors
  An eye of draining (D:11)
  13 ogres
  11 centaurs
  3 wolves (Orc:1)
  A big kobold (D:11)
  5 bullfrogs
  A wyvern zombie (D:7)
  4 scorpions
  27 killer bees
  9 wights (D:8)
  3 howler monkeys
  5 electric eels (D:12)
  2 quasits
  3 bullfrog zombies
  3 bullfrog skeletons
  10 orc priests
  A centaur skeleton (D:11)
  A hound (D:10)
  3 jellies
  Terence (D:3)
  4 iguanas
  20 orc wizards
  22 worker ants
  Robin (D:2)
  A worker ant zombie (D:9)
  4 gnolls
  14 adders
  A shadow imp (D:6)
  A white imp (D:7)
  An adder skeleton (D:8)
  2 worms
  A dart slug (D:1)
  13 leopard geckos
  67 orcs
  2 ball pythons
  5 giant cockroaches
  23 goblins
  10 hobgoblins
  6 jackals
  15 kobolds
  4 quokkas
  4 bats
  7 frilled lizards
  12 rats
449 creatures vanquished.

Vanquished Creatures (others)
  32 plants
  3 withered plants (D:8)
35 creatures vanquished.

Grand Total: 484 creatures vanquished

Notes
Turn   | Place    | Note
-------+----------+-------------------------------------------
     0 | D:1      | stormannn the Gnoll Wanderer began the quest for the Orb.
     0 | D:1      | stormannn set off with the following items: a +0
                  | quarterstaff, a scroll of fear, a potion of lignification,
                  | a potion of berserk rage, a +0 robe
     0 | D:1      | Reached XP level 1. HP: 23/23 MP: 1/1
   238 | D:1      | Reached XP level 2. HP: 27/29 MP: 2/2
   857 | D:1      | Reached XP level 3. HP: 28/35 MP: 3/3
  1449 | D:2      | Reached skill level 1 in Invocations
  1729 | D:2      | Reached skill level 1 in Short Blades
  1729 | D:2      | Reached skill level 1 in Long Blades
  1729 | D:2      | Reached skill level 1 in Axes
  1729 | D:2      | Reached skill level 1 in Maces & Flails
  1729 | D:2      | Reached skill level 1 in Polearms
  1729 | D:2      | Reached skill level 1 in Slings
  1729 | D:2      | Reached skill level 1 in Bows
  1729 | D:2      | Reached skill level 1 in Crossbows
  1729 | D:2      | Reached skill level 1 in Throwing
  1729 | D:2      | Reached skill level 1 in Armour
  1729 | D:2      | Reached skill level 1 in Spellcasting
  1729 | D:2      | Reached skill level 1 in Evocations
  1807 | D:2      | Reached XP level 4. HP: 41/41 MP: 5/5
  2258 | D:2      | Reached skill level 1 in Conjurations
  2258 | D:2      | Reached skill level 1 in Hexes
  2258 | D:2      | Reached skill level 1 in Summonings
  2258 | D:2      | Reached skill level 1 in Necromancy
  2258 | D:2      | Reached skill level 1 in Translocations
  2258 | D:2      | Reached skill level 1 in Transmutations
  2258 | D:2      | Reached skill level 1 in Fire Magic
  2258 | D:2      | Reached skill level 1 in Ice Magic
  2258 | D:2      | Reached skill level 1 in Air Magic
  2258 | D:2      | Reached skill level 1 in Earth Magic
  2258 | D:2      | Reached skill level 1 in Poison Magic
  2517 | D:2      | Noticed Robin
  2700 | D:2      | Killed Robin
  2701 | D:2      | Reached XP level 5. HP: 41/47 MP: 6/6
  2835 | D:3      | Found a hide-covered altar of Uskayaw.
  2953 | D:3      | Noticed Sigmund
  2968 | D:3      | Killed Sigmund
  2969 | D:3      | Reached XP level 6. HP: 53/53 MP: 8/8
  3285 | D:3      | Reached skill level 5 in Staves
  3285 | D:3      | Reached skill level 5 in Dodging
  3326 | D:3      | Noticed Terence
  3339 | D:3      | Killed Terence
  3823 | D:3      | Found an opulent altar of Gozag.
  3914 | D:4      | Noticed a phantom
  4050 | D:3      | Killed a phantom
  4051 | D:3      | Reached XP level 7. HP: 22/59 MP: 10/10
  4319 | D:4      | Reached skill level 7 in Fighting
  4413 | D:4      | Got a polished leather armour
  4424 | D:4      | Identified the cursed +1 leather armour of Objectivity
                  | {Str-5 Int+5} (You found it on level 4 of the Dungeon)
  4962 | D:5      | Entered Level 5 of the Dungeon
  5143 | D:5      | Found a stormy altar of Qazlal.
  5229 | D:5      | Found a staircase to the Ecumenical Temple.
  5355 | Temple   | Entered the Ecumenical Temple
  5577 | Temple   | Became a worshipper of Vehumet
  6050 | D:6      | Reached XP level 8. HP: 47/67 MP: 12/12
  7881 | D:6      | Reached XP level 9. HP: 60/72 MP: 14/14
  8047 | D:6      | Found Irumum's Gadget Shoppe.
  8343 | D:7      | Found a shimmering blue altar of Sif Muna.
  8742 | D:7      | Found a shadowy altar of Dithmenos.
  8753 | D:7      | Noticed Harold
  8762 | D:7      | Killed Harold
  8763 | D:7      | Reached skill level 8 in Fighting
  8763 | D:7      | Reached skill level 5 in Stealth
  8763 | D:7      | Reached skill level 5 in Shields
  8763 | D:7      | Reached skill level 5 in Unarmed Combat
  8773 | D:7      | Got a dazzling hand crossbow
  8775 | D:7      | Identified the +8 hand crossbow "Utwikosch" {elec, rPois
                  | MP+9} (You found it on level 7 of the Dungeon)
  9063 | D:7      | Noticed Menkaure
  9070 | D:7      | Killed Menkaure
  9071 | D:7      | Reached skill level 5 in Invocations
  9326 | D:7      | Found Wupreh's Book Boutique.
  9452 | D:3      | Learned a level 2 spell: Swiftness
  9456 | D:3      | Learned a level 3 spell: Static Discharge
  9578 | D:8      | Reached * piety under Vehumet
  9578 | D:8      | Offered knowledge of Sandblast by Vehumet.
  9616 | D:8      | Found a glowing golden altar of the Shining One.
  9672 | D:8      | Found an ancient bone altar of Kikubaaqudgha.
  9728 | D:8      | Reached XP level 10. HP: 80/80 MP: 17/17
  9782 | D:8      | Reached skill level 5 in Short Blades
  9782 | D:8      | Reached skill level 5 in Long Blades
  9782 | D:8      | Reached skill level 5 in Axes
  9782 | D:8      | Reached skill level 5 in Maces & Flails
  9782 | D:8      | Reached skill level 5 in Polearms
  9782 | D:8      | Reached skill level 5 in Slings
  9782 | D:8      | Reached skill level 5 in Bows
  9782 | D:8      | Reached skill level 5 in Crossbows
  9782 | D:8      | Reached skill level 5 in Throwing
  9782 | D:8      | Reached skill level 5 in Armour
  9782 | D:8      | Reached skill level 5 in Spellcasting
  9782 | D:8      | Reached skill level 5 in Evocations
  9813 | D:8      | Found a flagged portal.
  9834 | D:8      | Offered knowledge of Magic Dart by Vehumet.
  9923 | D:8      | Found a staircase to the Lair.
 10703 | D:9      | Reached ** piety under Vehumet
 11090 | D:9      | Found a glowing silver altar of Zin.
 11498 | D:10     | Entered Level 10 of the Dungeon
 11666 | D:10     | Learned a level 2 spell: Wereblood
 11722 | D:10     | Offered knowledge of Ignite Poison by Vehumet.
 11728 | D:10     | Learned a level 3 spell: Ignite Poison
 11739 | D:10     | Found Omuacy's Armour Shop.
 11750 | D:10     | Bought a +1 kite shield of cold resistance for 198 gold
                  | pieces
 12432 | D:10     | Reached *** piety under Vehumet
 12433 | D:10     | Reached XP level 11. HP: 87/87 MP: 19/19
 12812 | D:11     | Reached skill level 9 in Fighting
 12848 | D:11     | Found a flagged portal.
 12858 | D:11     | Reached skill level 5 in Conjurations
 12858 | D:11     | Reached skill level 5 in Hexes
 12858 | D:11     | Reached skill level 5 in Summonings
 12858 | D:11     | Reached skill level 5 in Necromancy
 12858 | D:11     | Reached skill level 5 in Translocations
 12858 | D:11     | Reached skill level 5 in Transmutations
 12858 | D:11     | Reached skill level 5 in Fire Magic
 12858 | D:11     | Reached skill level 5 in Ice Magic
 12858 | D:11     | Reached skill level 5 in Air Magic
 12858 | D:11     | Reached skill level 5 in Earth Magic
 12858 | D:11     | Reached skill level 5 in Poison Magic
 12862 | D:11     | Offered knowledge of Mephitic Cloud by Vehumet.
 12870 | Bailey   | Entered a bailey
 13192 | Bailey   | Reached **** piety under Vehumet
 13304 | Bailey   | Offered knowledge of Frozen Ramparts by Vehumet.
 13505 | Bailey   | Got a dazzling executioner's axe
 13826 | Bailey   | Identified the cursed +3 executioner's axe of Buh Ema Neri
                  | {flame, +Rage rC+ rN+} (You found it in a bailey)
 13850 | D:11     | Killed an unseen horror
 14258 | D:11     | Found a staircase to the Orcish Mines.
 14275 | D:11     | Found a roughly hewn altar of Beogh.
 14429 | D:11     | Noticed a two-headed ogre
 14439 | D:11     | Killed a two-headed ogre
 14638 | D:11     | Found a runed translucent door.
 14639 | D:11     | Noticed DrDiscord's ghost (journeyman GnWr)
 14659 | D:11     | Learned a level 3 spell: Frozen Ramparts
 14689 | D:12     | Found a transporter.
 14708 | D:12     | Killed an unseen horror
 14711 | D:12     | Reached ***** piety under Vehumet
 14711 | D:12     | Offered knowledge of Spellforged Servitor by Vehumet.
 15145 | D:12     | Noticed an orc sorcerer
 15146 | D:12     | Found a transporter.
 15149 | D:12     | Noticed an orc sorcerer
 15206 | D:12     | Reached XP level 12. HP: 97/97 MP: 22/22
 15217 | D:12     | Reached skill level 10 in Fighting
 15407 | D:12     | Noticed a two-headed ogre
 15412 | D:12     | Killed a two-headed ogre
 15482 | D:12     | Noticed a queen ant
 15482 | D:12     | Noticed an entropy weaver
 15499 | D:12     | Killed a queen ant
 15568 | D:12     | Noticed an entropy weaver
 15801 | D:12     | Noticed streetpizza's ghost (journeyman DECj)
 16062 | D:12     | Found a runed translucent gate.
 16062 | D:12     | Found a runed translucent gate.
 16064 | D:12     | Found a runed translucent gate.
 16070 | D:12     | Noticed a minotaur
 16079 | D:12     | Noticed a two-headed ogre
 16083 | D:12     | Killed a two-headed ogre
 16128 | D:12     | Found Icymaust's Assorted Antiques.
 16138 | D:12     | Bought a serpentine bone ring for 120 gold pieces
 16138 | D:12     | Bought a fine golden ring for 120 gold pieces
 16139 | D:12     | Identified the ring of the Queen {*Contam Int+5 Dex+9 SInv}
                  | (You bought it in a shop on level 12 of the Dungeon)
 16141 | D:12     | Identified the ring "Bonku" {Str+6 Int+5} (You bought it in
                  | a shop on level 12 of the Dungeon)
 16203 | D:12     | Found a roughly hewn altar of Beogh.
 16271 | D:12     | Killed an entropy weaver
 16368 | D:12     | Killed an entropy weaver
 16773 | Orc:1    | Entered Level 1 of the Orcish Mines
 16905 | Orc:1    | Noticed a two-headed ogre
 16911 | Orc:1    | Killed a two-headed ogre
 16912 | Orc:1    | Reached skill level 11 in Fighting
 17092 | Orc:1    | Reached XP level 13. HP: 99/106 MP: 24/24
 17373 | Orc:1    | Learned a level 5 spell: Fireball
 17376 | Orc:1    | Noticed a fire giant
 17378 | Orc:1    | Noticed an ettin
 17404 | Orc:1    | Killed a fire giant
 17575 | Orc:1    | Gained mutation: You are dopey. (Int -2) [a neqoxec]
 17611 | Orc:1    | Offered knowledge of Iron Shot by Vehumet.
 17889 | Orc:1    | Lost mutation: You are dopey. (Int -2) [potion of mutation]
 17889 | Orc:1    | Gained mutation: Your mind is acute. (Int +2) [potion of
                  | mutation]
 17889 | Orc:1    | Gained mutation: You have a pair of small horns on your
                  | head. [potion of mutation]
 17889 | Orc:1    | Gained mutation: Your flesh is cold resistant. (rC+)
                  | [potion of mutation]
 17899 | Orc:1    | Paralysed by an orc sorcerer for 7 turns
 17899 | Orc:1    | Slain by an orc warrior

Illustrated notes

Levels and vault maps discovered:
D:1:      psy_arrival_conway, layout_basic, serial_aquarium,
          aquarium_bridge_square [aquarium_subvault_bridge,
          aquarium_subvault_bridge, aquarium_subvault_wall,
          aquarium_subvault_window], aquarium_bridge_long_separate
          [aquarium_subvault_wall, aquarium_subvault_bridge,
          aquarium_subvault_bridge, aquarium_subvault_wall,
          aquarium_subvault_window, aquarium_subvault_bridge],
          aquarium_window_fake, aquarium_window_2, aquarium_view_2d,
          aquarium_view_2e, aquarium_balcony_5a, aquarium_pool_side,
          solitary_fountain
D:2:      wander_river, layout_loops_cross, uniq_robin
D:3:      layout_basic, nicolae_overflow_hidden_temple,
          nicolae_gozag_cash_rules_everything_around_me, uniq_sigmund,
          uniq_terence
D:4:      layout_basic, item_on_display_a
D:5:      layout_loops_ring, grunt_qazlal_sundering,
          minmay_temple_entry_proselytizer
D:6:      layout_basic, serial_shops, shop_statue
D:7:      layout_rooms, kennysheep_mini_moat, lemuel_doored_altar, serial_shops,
          kennysheep_mini, uniq_menkaure, uniq_harold
D:8:      layout_basic, kiku_gazebo_garden_becter, nicolae_tso_carved_into_rock,
          dpeg_oklobed_lair, enter_bailey_5
D:9:      layout_cave_pods, old_standard_altar, minmay_misc_feat_four_crosses,
          corexii_hall_statues_x
D:10:     minmay_flawed_box, layout_grid_maze, serial_shops, shop
D:11:     layout_roguey, minmay_orc_entry_temple_small, gammafunk_ghost_grave,
          enter_bailey_3
D:12:     gammafunk_beogh_shrine, layout_small_grid, serial_shops,
          nicolae_shop_overgrown_old_shop, maelrawn_ghost_gauntlet_escape,
          serial_bayou, serial_bayou_lake_a, serial_bayou_pond_a,
          serial_bayou_shore_a, serial_bayou_lagoon_a, minmay_another_anthill
Temple:   regret_index_temple_generic_petals
Orc:1:    giant_chief_lemuel, layout_diamond_mine, special_room
          [special_room_bee], lightli_orcish_oven

Skill      XL: |  1  2  3  4  5  6  7  8  9 10 11 12 13 |
---------------+----------------------------------------+-----
Invocations    | 1 2 3 4 5 6 7 8 9 |  9.1
Short Blades   | 1 2 3 4 5 6 7 8 |  8.3
Long Blades    | 1 2 3 4 5 6 7 8 |  8.3
Axes           | 1 2 3 4 5 6 7 8 |  8.3
Maces & Flails | 1 2 3 4 5 6 7 8 |  8.3
Polearms       | 1 2 3 4 5 6 7 8 |  8.3
Slings         | 1 2 3 4 5 6 7 8 |  8.3
Bows           | 1 2 3 4 5 6 7 8 |  8.3
Crossbows      | 1 2 3 4 5 6 7 8 |  8.3
Throwing       | 1 2 3 4 5 6 7 8 |  8.3
Armour         | 1 2 3 4 5 6 7 8 |  8.3
Spellcasting   | 1 2 3 4 5 6 7 8 |  8.3
Evocations     | 1 2 3 4 5 6 7 8 |  8.3
Conjurations   | 1 2 3 4 5 6 |  6.9
Hexes          | 1 2 3 4 5 6 |  6.9
Summonings     | 1 2 3 4 5 6 |  6.9
Necromancy     | 1 2 3 4 5 6 |  6.9
Translocations | 1 2 3 4 5 6 |  6.9
Transmutations | 1 2 3 4 5 6 |  6.9
Fire Magic     | 1 2 3 4 5 6 |  6.9
Ice Magic      | 1 2 3 4 5 6 |  6.9
Air Magic      | 1 2 3 4 5 6 |  6.9
Earth Magic    | 1 2 3 4 5 6 |  6.9
Poison Magic   | 1 2 3 4 5 6 |  6.9
Stealth        | 3 4 5 6 7 8 |  8.7
Shields        | 3 4 5 6 7 8 |  8.8
Unarmed Combat | 3 4 5 6 7 8 |  8.8
Staves         | 5 6 7 8 9 |  9.5
Dodging        | 5 6 7 8 9 |  9.5
Fighting       | 7 8 9 11 | 11.7

Action                   |  1- 3 |  4- 6 |  7- 9 | 10-12 | 13-15 || total
-------------------------+-------+-------+-------+-------+-------++-------
Melee: Quarterstaff      |    99 |    73 |       |       |       ||   172
       Bite              |    10 |    17 |    27 |       |       ||    54
       Dagger            |       |    60 |       |       |       ||    60
       Punch             |       |     3 |     6 |       |       ||     9
       Morningstar       |       |    52 |   237 |    10 |       ||   299
 Fire: Hand crossbow     |       |       |    32 |   703 |   142 ||   877
Throw: Dart              |       |       |     4 |       |       ||     4
 Cast: Frozen Ramparts   |       |       |       |     2 |       ||     2
       Swiftness         |       |       |       |     1 |     1 ||     2
       Fireball          |       |       |       |       |     4 ||     4
  Use: Potion            |       |     1 |     1 |     3 |     2 ||     7
       Scroll            |       |       |     3 |    16 |     1 ||    20
 Stab: Sleeping          |     1 |     4 |     9 |       |       ||    14
       Distracted        |       |       |     1 |       |       ||     1
Armor: Robe              |    13 |     3 |       |       |       ||    16
       Scale mail        |       |    60 |   106 |       |       ||   166
       Ring mail         |       |       |       |    96 |     8 ||   104
Dodge: Dodged            |    84 |    89 |   166 |   147 |    53 ||   539
Block: Kite shield       |       |       |       |   134 |    49 ||   183

Table legend: (Time is in decaauts)
 A = Elapsed time spent in this place.
 B = Non-inter-level travel time spent in this place.
 C = Inter-level travel time spent in this place.
 D = Time resting spent in this place.
 E = Time spent auto-exploring this place.
 F = Levels seen in this place.
 G = Mean time per level.
                   A        B        C        D        E       F      G
               +--------+--------+--------+--------+--------+-----+--------+
         Total |  18319 |  17538 |    781 |   3136 |  10312 |  15 | 1221.3 |
       Dungeon |  16059 |  15327 |    732 |   2923 |   9170 |  12 | 1338.2 |
        Temple |    240 |    191 |     49 |      0 |    189 |   1 |  240.0 |
  Orcish Mines |   1004 |   1004 |      0 |     54 |    438 |   1 | 1004.0 |
        Bailey |   1014 |   1014 |      0 |    159 |    515 |   1 | 1014.0 |
               +--------+--------+--------+--------+--------+-----+--------+

Top non-repeatable levels by time:
     D:6: 2280 daAuts
    D:12: 1852 daAuts
     D:3: 1542 daAuts
    D:11: 1496 daAuts
     D:1: 1439 daAuts
     D:2: 1428 daAuts
     D:7: 1256 daAuts
    D:10: 1254 daAuts
     D:9: 1073 daAuts
  Bailey: 1014 daAuts
   Orc:1: 1004 daAuts
     D:8: 908 daAuts
     D:5: 782 daAuts
     D:4: 745 daAuts
  Temple: 240 daAuts
